 Dungeon Crawl Stone Soup version 0.19-a0-1608-g4cf22de (webtiles) character file.

5 4thArraOfDagon the Firebug (level 1, -2/10 HPs)
             Began as a Deep Elf Fire Elementalist on Sept 17, 2016.
             Killed from afar by an orc wizard (7 damage)
             ... with a magic dart
             ... on level 4 of the Dungeon.
             The game lasted 00:01:29 (245 turns).

4thArraOfDagon the Firebug (DEFE)                    Turns: 245, Time: 00:01:30

Health: -2/10      AC:  2    Str:  5    XL:     1   Next: 66%
Magic:  4/6        EV: 13    Int: 19    God:
Gold:   48         SH:  0    Dex: 15    Spells: 1 memorised, 5 levels left

rFire  . . .     SeeInvis .     g - -3 spear (curse)
rCold  . . .     Gourm    .     a - +0 robe
rNeg   . . .     Faith    .     (no shield)
rPois  .         Spirit   .     (no helmet)
rElec  .         Dismiss  .     (no cloak)
rCorr  .         Reflect  .     (no gloves)
MR     .....     Harm     .     (no boots)
Stlth  ++........               (no amulet)
                                (no ring)
                                (no ring)

@: flying, very slightly contaminated
A: no striking features
a: no special abilities


You were on level 4 of the Dungeon.
You were not hungry.

You visited 1 branch of the dungeon, and saw 5 of its levels.

You collected 48 gold pieces.

Inventory:

Hand Weapons
 g - a cursed -3 spear (weapon)
Armour
 a - a +0 robe (worn)
Books
 b - a book of Flames

   Spells                             Type                      Level
   a - Flame Tongue                   Conjuration/Fire             1
   b - Throw Flame                    Conjuration/Fire             2
   c - Conjure Flame                  Conjuration/Fire             3
   d - Inner Flame                    Hexes/Fire                   3
   e - Sticky Flame                   Conjuration/Fire             4
   f - Fireball                       Conjuration/Fire             5
Comestibles
 c - a bread ration


   Skills:
 - Level 2.4 Dodging
 - Level 2.4 Stealth
 + Level 3.0 Spellcasting
 * Level 1.2 Conjurations
 * Level 3.6 Fire Magic


You had 5 spell levels left.
You knew the following spells:

 Your Spells              Type           Power        Failure   Level  Hunger
a - Flame Tongue          Conj/Fire      ##...        8%          1    None


Dungeon Overview and Level Annotations

Branches:
Dungeon (5/15)
 Temple: D:4-7

Altars:

Annotations:
D:2 exclusion: 3 doors


Message History

Casting: Flame Tongue
Confirm with . or Enter, or press ? or * to list all spells.
Aiming: Flame Tongue
Press: ? - help, Shift-Dir - straight line, f - orc wizard
Aim: an orc wizard, wielding a dagger and wearing a robe The flame tongue misses the orc wizard.
An orc priest comes into view. It is wielding a trident.
Casting: Flame Tongue
Confirm with . or Enter, or press ? or * to list all spells.
Aiming: Flame Tongue
Press: ? - help, Shift-Dir - straight line, f/p - orc wizard
Aim: an orc wizard, wielding a dagger and wearing a robe You miscast Flame Tongue.
You are very lightly contaminated with residual magic.
Nothing appears to happen.
The orc priest shouts!
The orc wizard gestures at you while chanting.
The magic dart hits you!
Ouch! That really hurt!
You die...

#...##........###
#..>.+...........
##...#.........#
#...# ......$.#
#...# #+#.# #.#
##.####...# #.#
#......#.###'####
####............#
#.#.#....o.@.#
....#.........#
#.#.#.#o####+###
.....(#..# #.#
..#.#.#.#.# #.#
..o........ ...
.... #. ... ....
....W


You could see an orc priest and an orc wizard.

Vanquished Creatures
  2 bat skeletons (D:2)
  A hobgoblin (D:1)
  A kobold (D:1)
  A rat (D:1)
5 creatures vanquished.

Notes
Turn   | Place    | Note
-------+----------+-------------------------------------------
     0 | D:1      | 4thArraOfDagon the Deep Elf Fire Elementalist began the quest for the Orb.
     0 | D:1      | Reached XP level 1. HP: 10/10 MP: 6/6
   180 | D:4      | Noticed an orc wizard
   184 | D:5      | Entered Level 5 of the Dungeon
   186 | D:5      | Noticed a slave
   217 | D:4      | Noticed an orc wizard
   218 | D:4      | this is RIP as well
   228 | D:4      | Noticed a phantom
   240 | D:4      | Ultraviolent4: i got too frustrated with dying all the time trying to speedrun lol
   243 | D:4      | Ultraviolent4: so now im streaking again
   245 | D:4      | Noticed an orc priest
   245 | D:4      | Killed from afar by an orc wizard

Vault maps used:
D:1:      ncdulo_watergridlock
D:2:      kennysheep_vampire_church, overflow_temple_1_default, first_bread,
          serial_forest, infiniplex_forest_clump_cross,
          infiniplex_forest_lined_3_way, infiniplex_forest_clump_small,
          infiniplex_forest_lined_room_2, minmay_misc_feat_secret_circle,
          ashenzari_altar_1
D:3:      serial_park_tiny_pond
D:4:      hangedman_decor_riveting
D:5:      lemuel_round_altar, minmay_tree_intersection, uniq_pikel

Action                   || total
-------------------------++-------
 Cast: Flame Tongue      ||     8
  Use: Potion            ||     2
       Scroll            ||     1
Armor: Robe              ||     6
Dodge: Dodged            ||    13
